 Dungeon Crawl Stone Soup version 0.29.1-1-gd02db69 (webtiles) character file.

Game seed: 14336952418356945879

58 Vaargak the Sneak (level 4, -2/31 HPs)
             Began as an Octopode Monk on Sept 27, 2022.
             Slain by a gnoll
             ... wielding a +0 spear
              (7 damage)
             ... on level 2 of the Dungeon.
             The game lasted 00:06:06 (1064 turns).

Vaargak the Sneak (Octopode Monk)                   Turns: 1064, Time: 00:06:07

Health: -2/31      AC:  1    Str: 10    XL:     4   Next: 2%
Magic:  4/4        EV: 14    Int: 12    God:
Gold:   71         SH:  0    Dex: 16    Spells: 3/3 levels left

rFire   . . .      SeeInvis +   a - +0 short sword
rCold   . . .      Faith    .   (no shield)
rNeg    . . .      Spirit   .   (helmet restricted)
rPois   .          Reflect  .   (no amulet)
rElec   .          Harm     .   i - ring of see invisible
rCorr   .          Rampage  .   (no ring)
Will    .....                   (no ring)
Stlth   ++++......              (no ring)
HPRegen 0.10/turn               (no ring)
MPRegen 0.09/turn               (no ring)
                                (no ring)
                                (no ring)

@: no status effects
A: almost no armour, amphibious, 8 rings, camouflage 1, gelatinous body 1,
(nimble swimmer 1), tentacles
a: no special abilities


You were on level 2 of the Dungeon.
You visited 1 branch of the dungeon, and saw 2 of its levels.

You collected 71 gold pieces.

Inventory:

Hand Weapons
 a - a +0 short sword (weapon)
Missiles
 c - 4 poisoned darts (quivered)
Jewellery
 i - a ring of see invisible (left tentacle)
Scrolls
 d - 2 scrolls of noise {unknown}
 e - a scroll of fear {unknown}
 f - a scroll of teleportation {unknown}
 h - a scroll of identify {unknown}
Potions
 b - a potion of ambrosia
 g - 2 potions of attraction {unknown}
 j - a potion of haste {unknown}


   Skills:
 + Level 3.4 Fighting
 + Level 3.6 Short Blades
 + Level 3.4 Dodging
 + Level 3.7 Stealth


You had 3 spell levels left.
You didn't know any spells.
Your spell library was empty.

Dungeon Overview and Level Annotations

Branches:
Dungeon (2/15)

Altars:


Innate Abilities, Weirdness & Mutations

You cannot wear most types of armour.
You are amphibious.
You can wear up to eight rings at the same time.
Your skin changes colour to match your surroundings (Stealth+).
Your rubbery body absorbs attacks. (AC +1, EV +1)
((You are camouflaged when in or above water. (Stealth+)))
You have tentacles for arms and can constrict up to eight enemies at once.


Message History

3 gnolls and an endoplasm come into view.
The gnoll shouts!
You hear a shout!
The gnoll shouts! x2
A gnoll comes into view. It is wielding a +0 whip.
There is an open door here.
The gnoll misses you.
You hit the gnoll. You grab the gnoll. You squeeze the gnoll.
The gnoll is heavily wounded.
You constrict the gnoll, but do no damage.
You hit the gnoll but do no damage. You squeeze the gnoll.
You kill the gnoll!
The gnoll misses you.
You hit the gnoll. You grab the gnoll. You squeeze the gnoll!
The gnoll is almost dead.
You constrict the gnoll, but do no damage.
The gnoll closely misses you. x2
You hit the gnoll but do no damage. You squeeze the gnoll.
You kill the gnoll!
The gnoll hits you from afar with a +0 spear.
You closely miss the gnoll. You grab the gnoll. You tentacle-slap the gnoll.
You squeeze the gnoll.
The gnoll is heavily wounded.
You constrict the gnoll. The gnoll closely misses you. x2
You hit the gnoll.
The gnoll is almost dead.
You constrict the gnoll.
You kill the gnoll!
The gnoll hits you from afar with a +0 spear!
You have reached level 4!
You hit the endoplasm.
You squeeze the endoplasm, but do no damage.
The endoplasm is severely wounded.
The gnoll hits you from afar with a +0 spear.
* * * LOW HITPOINT WARNING * * *
The endoplasm freezes you.
You are frozen.
* * * LOW HITPOINT WARNING * * *
You hit the endoplasm.
You kill the endoplasm!
The gnoll hits you with a +0 spear!
You die...

## ##### #. ....# #.#
....# #..
######....### #####.
#...@g....... ......
##.###....##########.
#.# ....##.........
#.# ....##.#######.
#<# ....##.#.......
#.# ....##.#.####..
#.# ....##.#.# #..
#.# ######.#.####..
#.# #.#.#<....


You could see a gnoll.

Vanquished Creatures
  3 gnolls (D:2)
  A dart slug (D:1)
  3 ball pythons (D:1)
  3 bats (D:1)
  4 endoplasms
  2 goblins (D:1)
  2 hobgoblins (D:1)
  A quokka (D:1)
  4 kobolds (D:1)
  4 rats
27 creatures vanquished.

Notes
Turn   | Place    | Note
-------+----------+-------------------------------------------
     0 | D:1      | Vaargak the Octopode Monk began the quest for the Orb.
     0 | D:1      | Reached XP level 1. HP: 16/16 MP: 1/1
   349 | D:1      | Reached XP level 2. HP: 21/21 MP: 2/2
   750 | D:1      | Reached XP level 3. HP: 26/26 MP: 3/3
  1061 | D:2      | Reached XP level 4. HP: 13/31 MP: 4/4
  1064 | D:2      | Slain by a gnoll

Illustrated notes

Levels and vault maps discovered:
D:1:      amcnicky_arrival_feature_with_door, layout_basic,
          amcnicky_mini_pool_small
D:2:      layout_basic, nicolae_hexahallways

Skill      XL: |  1  2 |
---------------+-------+-----
Stealth        | 3 |  3.7
Fighting       | |  3.4
Short Blades   | |  3.6
Dodging        | |  3.4

Action                   |  1- 3 |  4- 6 || total
-------------------------+-------+-------++-------
Melee: Short sword       |    48 |     2 ||    50
       Constrict         |    12 |       ||    12
       Tentacles         |    13 |     1 ||    14
       Punch             |     1 |       ||     1
 Stab: Sleeping          |     9 |       ||     9
Armor: Skin              |     4 |       ||     4
Dodge: Dodged            |    27 |       ||    27
